 Dungeon Crawl Stone Soup version 0.23.2-1-ga50397a (webtiles) character file.

Game seed: 14237937877951692089

2313 night the Transmogrifier (level 9, -4/47 HPs)
             Began as a Gargoyle Transmuter on May 1, 2019.
             Was an Elder of the Shining One.
             Killed by divine providence
             ... invoked by an orc priest
              (13 damage)
             ... on level 7 of the Dungeon.
             The game lasted 00:18:59 (9782 turns).

night the Transmogrifier (Gargoyle Transmuter)      Turns: 9782, Time: 00:19:00

Health: -4/47      AC: 10    Str: 13 (15) XL:     9   Next: 41%
Magic:  12/12      EV: 12    Int: 16      God:    the Shining One [****..]
Gold:   284        SH:  0    Dex: 10      Spells: 4/12 levels left

rFire    . . .     SeeInvis .     - Unarmed
rCold    . . .     Gourm    .   (no shield)
rNeg     + + +     Faith    .   x - +2 robe {MR+}
rPois    ∞         Spirit   .   (no helmet)
rElec    +         Reflect  .   h - scarf {cloud immunity}
rCorr    .         Harm     .   (no gloves)
MR       +....                  (no boots)
Stlth    +.........             (no amulet)
HPRegen  0.15/turn              (no ring)
MPRegen  0.13/turn              (no ring)

@: glowing
A: deterioration 1, negative energy resistance 1, electricity resistance,
unbreathing, petrification resistance, rot immunity, AC +6
a: Divine Shield, Cleansing Flame, Renounce Religion


You were on level 7 of the Dungeon.
You worshipped the Shining One.
The Shining One was greatly pleased with you.
You were not hungry.

You visited 2 branches of the dungeon, and saw 8 of its levels.

You collected 284 gold pieces.

Inventory:

Hand Weapons
 b - a +0 hunting sling
Missiles
 a - 98 arrows
 c - 208 stones
 i - a throwing net (quivered)
 m - 36 sling bullets
 o - 2 poisoned tomahawks
Armour
 h - a scarf of cloud immunity (worn)
 x - a +2 robe of magic resistance (worn)
Jewellery
 g - an uncursed ring of see invisible {unknown}
 y - the ring "Fienwes" {MR+ Str+3}
   (You took it off a wight on level 6 of the Dungeon)

   [ring of protection from magic]

   It affects your strength (+3).
   It affects your resistance to hostile enchantments.
Scrolls
 e - 9 scrolls of identify
 f - a scroll of amnesia {unknown}
 j - 5 scrolls of teleportation
 k - 2 scrolls of immolation {unknown}
 r - a scroll of noise {unknown}
 u - a scroll of fear {unknown}
 v - a scroll of enchant weapon {unknown}
Potions
 l - a potion of ambrosia {unknown}
 n - a potion of mutation {unknown}
 p - a potion of degeneration {unknown}
 q - 2 potions of lignification {unknown}
 s - 2 potions of might {unknown}
 t - 5 potions of curing
 w - 2 potions of heal wounds {unknown}
Comestibles
 d - 9 rations
 z - 3 chunks of flesh


   Skills:
 - Level 1.1 Fighting
 - Level 1.4 Slings
 - Level 1.5 Dodging
 - Level 2.0 Stealth
 - Level 7.7 Unarmed Combat
 - Level 2.0 Spellcasting
 * Level 8.2 Transmutations


You had 4 spell levels left.
You knew the following spells:

 Your Spells              Type           Power        Failure   Level  Hunger
a - Beastly Appendage     Tmut           ####..       1%          1    #......
b - Sticks to Snakes      Tmut           ####....     1%          2    ###....
c - Blade Hands           Tmut           ####......   19%         5    ######.

Your spell library contained the following spells:

 Spells                   Type           Power        Failure   Level  Hunger
 Spider Form              Tmut/Pois      ##........   12%         3    ###....
 Ice Form                 Ice/Tmut       ##......     36%         4    #####..


Dungeon Overview and Level Annotations

Branches:
Dungeon (7/15)             Temple (1/1) D:4

Altars:
Ashenzari
Cheibriados
Dithmenos
Elyvilon
Fedhas
Gozag
Hepliaklqana
Kikubaaqudgha
Makhleb
Nemelex Xobeh
Okawaru
Qazlal
Ru
Sif Muna
Trog
Uskayaw
Vehumet
Wu Jian
Xom
Yredelemnul
Zin
The Shining One


Innate Abilities, Weirdness & Mutations

You are resistant to torment.
Your stone body is resilient. (AC +6)
You are immune to poison.
You resist negative energy. (rN+)
You are resistant to electric shocks. (rElec)
You can survive without breathing.
You are immune to petrification.
You are immune to rotting.
Your body sometimes deteriorates upon taking damage.


Message History

You are too injured to fight recklessly!
You are too injured to fight recklessly!
You punch the orc priest!
The orc priest is almost dead.
The orc priest misses you.
The orc priest hits you with a +0 flail.
You hit the orc priest but do no damage.
The orc priest is almost dead.
The orc priest closely misses you.
The orc priest shouts!
You punch the orc priest!
You kill the orc priest!
The Shining One accepts your kill.
You feel better. The orc priest closely misses you.
The orc priest calls down the wrath of Beogh upon you.
Beogh smites you!
* * * LOW HITPOINT WARNING * * *
The orc priest invokes the aid of Beogh against you.
Beogh smites you!
You die...

## #.## #...##
##.....##
#.......# ..
##@....... ...
#......... ##
..#
##.........
.####.#
#..o.......
..##..#
#..........
.....#
#..)).......
.....#
#...........
.....##
###........##
......##
##..o...######


You could see an orc priest.

Vanquished Creatures
  Sigmund (D:4)
  2 ice beasts (D:5)
  Duvessa (D:4)
  A sky beast (D:5)
  An orc warrior (D:6)
  A bullfrog (D:6)
  Dowan (D:4)
  A water moccasin skeleton (D:5)
  5 killer bees (D:6)
  6 wights
  A centaur zombie (D:6)
  A crimson imp (D:5)
  3 jellies
  3 centaur skeletons
  A hound (D:4)
  8 orc wizards
  4 orc priests
  Jessica (D:3)
  Natasha (thrice) (D:2)
  An iguana (D:4)
  2 worker ants
  A hound zombie (D:4)
  A hound skeleton (D:6)
  2 worker ant zombies
  A howler monkey zombie (D:4)
  4 adders
  2 oozes
  3 adder zombies
  2 adder skeletons (D:4)
  4 worms
  3 dart slugs
  3 leopard geckos
  23 orcs
  5 giant cockroaches
  6 goblins
  9 hobgoblins
  10 jackals
  4 quokkas
  A ball python (D:4)
  4 bats
  8 frilled lizards
  2 giant cockroach zombies (D:4)
  7 kobolds
  2 quokka skeletons (D:5)
  A quokka zombie (D:4)
  13 rats
169 creatures vanquished.

Notes
Turn   | Place    | Note
-------+----------+-------------------------------------------
     0 | D:1      | night the Gargoyle Transmuter began the quest for the Orb.
     0 | D:1      | Reached XP level 1. HP: 12/12 MP: 3/3
   257 | D:1      | Reached XP level 2. HP: 13/16 MP: 5/5
   528 | D:1      | Learned a level 2 spell: Sticks to Snakes
   888 | D:1      | Reached XP level 3. HP: 20/20 MP: 6/6
  1661 | D:2      | Reached skill level 1 in Stealth
  1661 | D:2      | Reached skill level 2 in Transmutations
  1661 | D:2      | Reached XP level 4. HP: 11/25 MP: 5/7
  2281 | D:2      | Noticed Natasha
  2324 | D:2      | Killed Natasha
  2563 | D:2      | Found a faded altar of an unknown god.
  2569 | D:2      | Became a worshipper of the Shining One
  2569 | D:2      | Reached * piety under the Shining One
  2681 | D:2      | Noticed Natasha
  2695 | D:2      | Killed Natasha
  2695 | D:2      | Reached skill level 5 in Unarmed Combat
  2695 | D:2      | Reached XP level 5. HP: 23/29 MP: 8/8
  2727 | D:2      | Noticed Natasha
  2744 | D:2      | Killed Natasha
  2744 | D:2      | Reached skill level 1 in Slings
  2985 | D:3      | Learned a level 5 spell: Blade Hands
  3166 | D:3      | Noticed Jessica
  3223 | D:3      | Killed Jessica
  3493 | D:3      | Reached XP level 6. HP: 34/34 MP: 9/9
  3589 | D:4      | Found a staircase to the Ecumenical Temple.
  3601 | Temple   | Entered the Ecumenical Temple
  4043 | D:4      | Found a shadowy altar of Dithmenos.
  4082 | D:4      | Reached ** piety under the Shining One
  4241 | D:4      | Reached skill level 3 in Transmutations
  4490 | D:4      | Noticed Sigmund
  4516 | D:4      | Killed Sigmund
  4516 | D:4      | Reached skill level 4 in Transmutations
  4516 | D:4      | Reached XP level 7. HP: 19/38 MP: 10/10
  5063 | D:4      | Noticed Dowan
  5064 | D:4      | Noticed Duvessa
  5079 | D:4      | Killed Duvessa
  5084 | D:4      | Killed Dowan
  5246 | D:5      | Entered Level 5 of the Dungeon
  5589 | D:5      | Reached skill level 5 in Transmutations
  5589 | D:5      | Reached XP level 8. HP: 31/43 MP: 11/11
  6368 | D:5      | HP: 2/43 [ice beast (9)]
  6713 | D:5      | Reached *** piety under the Shining One
  6937 | D:5      | Reached skill level 6 in Transmutations
  7047 | D:5      | Found a shimmering altar of Xom.
  8297 | D:6      | Identified the ring "Fienwes" {MR+ Str+3}
  8312 | D:6      | Reached XP level 9. HP: 29/47 MP: 12/12
  8313 | D:6      | Gained mutation: Your body sometimes deteriorates upon
                  | taking damage. [miscasting Blade Hands]
  8478 | D:5      | Reached skill level 7 in Transmutations
  9079 | D:6      | Reached **** piety under the Shining One
  9390 | D:6      | Reached skill level 8 in Transmutations
  9782 | D:7      | Killed from afar by an orc priest

Skill      XL: |  1  2  3  4  5  6  7  8  9 |
---------------+----------------------------+-----
Unarmed Combat | 4 5 6 7 |  7.7
Stealth        | 1 2 |  2.0
Transmutations | 2 4 5 6 8 |  8.2
Slings         | 1 |  1.4
Fighting       | |  1.1
Dodging        | |  1.5
Spellcasting   | |  2.0

Action                   |  1- 3 |  4- 6 |  7- 9 || total
-------------------------+-------+-------+-------++-------
Melee: Unarmed           |   139 |   214 |   379 ||   732
       Punch             |       |     2 |     6 ||     8
       Kick              |       |       |     1 ||     1
 Fire: Hunting sling     |       |    23 |    21 ||    44
Throw: Throwing net      |       |       |     1 ||     1
 Cast: Sticks to Snakes  |     1 |       |     2 ||     3
       Beastly Appendage |     1 |       |     1 ||     2
       Blade Hands       |       |       |     3 ||     3
  Use: Scroll            |       |       |     5 ||     5
 Stab: Sleeping          |     2 |       |       ||     2
  Eat: Chunk             |     2 |    10 |    12 ||    24
       Ration            |       |       |     2 ||     2
Armor: Robe              |    36 |    47 |   118 ||   201
Dodge: Dodged            |    78 |   132 |   228 ||   438
